[Event "69th RUS-ch Women Higher League 2019"]
[Site "Yaroslavl"]
[Date "2019.07.03"]
[Round "6.17"]
[White "Afonasieva, Anna"]
[Black "Tokmakova, Ulyana"]
[Result "0-1"]
[ECO "E15"]
[WhiteElo "2303"]
[BlackElo "1878"]
[Annotator "NA"]
[PlyCount "174"]
[EventDate "2019.06.27"]
[EventType "swiss"]
[EventCountry "RUS"]
[SourceTitle "playchess.com"]
[Source "ChessBase"]
[SourceQuality "1"]
[TimeControl "40/5400+30:1800+30"]

1. d4 Nf6 2. Nf3 e6 3. c4 b6 4. g3 Ba6 5. b3 Bb4+ 6. Bd2 Be7 7. Bg2 c6 8. O-O d5 9. Ne5 Nfd7 10. Nxd7 Nxd7 11. Nc3 Rc8 12. e4 dxc4 13. Re1 O-O 14. Qe2 Nb8 15. Qe3 Qd7 16. d5 Bc5 17. Qg5 Qd8 18. Qf4 Qe7 19. Rac1 cxb3 20. axb3 e5 21. Qf3 Bd4 22. Ra1 Rcd8 23. dxc6 Bxc3 24. Qxc3 Rc8 25. Rxa6 Nxa6 26. Ra1 Nb8 27. Qb4 Qe6 28. Be3 Nxc6 29. Qa4 Rfd8 30. Bf1 Rc7 31. Rc1 Qd6 32. f4 exf4 33. gxf4 Ne7 34. Rxc7 Qxc7 35. Bc4 Ng6 36. e5 Qe7 37. Be2 Nf8 38. Qe4 f6 39. Bc4+ Kh8 40. e6 b5 41. Bd5 Rxd5 42. Qxd5 Qxe6 43. Qc5 Kg8 44. b4 a6 45. Kf2 Nd7 46. Qc7 f5 47. Bc5 h6 48. Bd4 Nf6 49. Be5 g5 50. Bxf6 Qxf6 51. Qc8+ Kg7 52. Qd7+ Qf7 53. Qd4+ Kg6 54. Qd6+ Qf6 55. Qd2 Qb6+ 56. Kg2 Qc6+ 57. Kg1 Qf3 58. fxg5 hxg5 59. Qd6+ Kh5 60. Qe7 Kg4 61. Qd6 Qe3+ 62. Kg2 Qe4+ 63. Kg1 f4 64. Qd7+ Kh4 65. Qd8 Qe1+ 66. Kg2 Qe2+ 67. Kg1 Qe3+ 68. Kf1 Qc1+ 69. Kf2 Qb2+ 70. Kf3 Qe5 71. Kf2 Qe3+ 72. Kf1 Qc1+ 73. Kf2 Qc3 74. Qd6 Qc2+ 75. Kg1 Qe2 76. Qh6+ Qh5 77. Qd6 Qg4+ 78. Kf2 Qh5 79. Qxa6 Qh8 80. Qd6 Kh3 81. Qd2 Qh4+ 82. Kf1 f3 83. Qb2 Qc4+ 84. Kg1 Qg4+ 85. Kh1 Qg2+ 86. Qxg2+ fxg2+ 87. Kg1 g4 0-1

[Event "69th RUS-ch Women Higher League 2019"]
[Site "Yaroslavl"]
[Date "2019.07.03"]
[Round "6.18"]
[White "Utiatskaja, Irina"]
[Black "Komiagina, Maria"]
[Result "0-1"]
[ECO "B67"]
[WhiteElo "2192"]
[BlackElo "2254"]
[Annotator "NA"]
[PlyCount "120"]
[EventDate "2019.06.27"]
[EventType "swiss"]
[EventCountry "RUS"]
[SourceTitle "playchess.com"]
[Source "ChessBase"]
[SourceQuality "1"]
[TimeControl "40/5400+30:1800+30"]

1. e4 c5 2. Nf3 Nc6 3. d4 cxd4 4. Nxd4 Nf6 5. Nc3 d6 6. Bg5 e6 7. Qd2 a6 8. O-O-O Bd7 9. f3 Rc8 10. Kb1 Be7 11. h4 b5 12. Nxc6 Bxc6 13. Ne2 h6 14. Be3 h5 15. Nd4 Bb7 16. Bd3 Nd7 17. g4 hxg4 18. fxg4 Nc5 19. Qg2 Qc7 20. Nb3 Bf6 21. Nxc5 dxc5 22. g5 Be5 23. g6 f5 24. c3 Rd8 25. Bc2 Rxd1+ 26. Rxd1 Rxh4 27. Bg5 Rh2 28. Qg1 Rxc2 29. Kxc2 Bxe4+ 30. Kc1 Bd5 31. Kb1 Kd7 32. Be3 Bd6 33. Ka1 Kc6 34. b4 Be5 35. Bxc5 Bxc3+ 36. Kb1 Qf4 37. Qe3 Qxe3 38. Bxe3 Be4+ 39. Kc1 Bf6 40. Kd2 Bd5 41. Rc1+ Bc4 42. a4 Kd5 43. a5 e5 44. Rh1 f4 45. Bc5 e4 46. Rh8 e3+ 47. Bxe3 fxe3+ 48. Kxe3 Bg5+ 49. Kf2 Kd4 50. Ra8 Kc3 51. Rxa6 Kxb4 52. Ra7 Bf6 53. Ke3 Kc3 54. Rd7 b4 55. Rd6 b3 56. a6 b2 57. a7 b1=Q 58. a8=Q Qe1+ 59. Kf4 Qh4+ 60. Ke3 Bg5+ {[%emt 0:00:13] Kd4+} 0-1

[Event "69th RUS-ch Women Higher League 2019"]
[Site "Yaroslavl"]
[Date "2019.07.03"]
[Round "6.19"]
[White "Chernyak, Viktoria"]
[Black "Markelova, Lubov"]
[Result "1-0"]
[ECO "D45"]
[WhiteElo "2253"]
[BlackElo "2186"]
[Annotator "NA"]
[PlyCount "93"]
[EventDate "2019.06.27"]
[EventType "swiss"]
[EventCountry "RUS"]
[SourceTitle "playchess.com"]
[Source "ChessBase"]
[SourceQuality "1"]
[TimeControl "40/5400+30:1800+30"]

1. d4 d5 2. c4 c6 3. Nc3 Nf6 4. e3 e6 5. Nf3 Nbd7 6. Qc2 Bd6 7. Bd3 dxc4 8. Bxc4 b5 9. Be2 Bb7 10. O-O O-O 11. e4 e5 12. dxe5 Nxe5 13. Nd4 Neg4 14. g3 Bxg3 15. hxg3 Qxd4 16. Qd1 Qxd1 17. Rxd1 Rad8 18. Bf4 Rxd1+ 19. Rxd1 Re8 20. f3 Ne5 21. b4 Ned7 22. Kf2 a6 23. Bd6 g5 24. Bd3 Re6 25. Bc2 Ne5 26. Bb3 Re8 27. Bc5 Bc8 28. Rd6 Be6 29. f4 Nfg4+ 30. Kg2 Nc4 31. Rxc6 Rd8 32. Bxc4 Bxc4 33. Bd6 gxf4 34. gxf4 Ne3+ 35. Kf2 Nc2 36. Rxa6 Rc8 37. f5 h5 38. Kg3 Kh7 39. Bc5 Rg8+ 40. Kh4 Ne1 41. Kxh5 Rg2 42. Rh6+ Kg8 43. Rd6 Nf3 44. Be3 f6 45. Nd5 Be2 46. Rd8+ Kf7 47. Rd7+ 1-0

[Event "69th RUS-ch Women Higher League 2019"]
[Site "Yaroslavl"]
[Date "2019.07.03"]
[Round "6.20"]
[White "Mokshanova, Elizaveta"]
[Black "Chkhan, Viktoria"]
[Result "0-1"]
[ECO "A08"]
[WhiteElo "2020"]
[BlackElo "2141"]
[Annotator "NA"]
[PlyCount "84"]
[EventDate "2019.06.27"]
[EventType "swiss"]
[EventCountry "RUS"]
[SourceTitle "playchess.com"]
[Source "ChessBase"]
[SourceQuality "1"]
[TimeControl "40/5400+30:1800+30"]

1. e4 e6 2. d3 d5 3. Nd2 Nf6 4. g3 Be7 5. Bg2 O-O 6. Ngf3 c5 7. O-O Nc6 8. Re1 b5 9. exd5 exd5 10. d4 Qb6 11. a4 bxa4 12. Rxa4 Bf5 13. Nf1 cxd4 14. Nxd4 Nxd4 15. Rxd4 Bc5 16. Rf4 Be4 17. Bxe4 dxe4 18. Ne3 Rfd8 19. Qe2 Bxe3 20. Qxe3 Qe6 21. Qc5 Rd5 22. Qb4 a5 23. Qb3 Rad8 24. Qc3 Rd1 25. h4 Qh3 26. Be3 Ng4 27. Bb6 Rxe1+ 28. Qxe1 Re8 29. Qd1 h5 30. Qd5 Ne5 31. Qb5 Re6 32. Qf1 Qxf1+ 33. Kxf1 Rxb6 34. Rxe4 f6 35. b3 Rc6 36. f4 Nd7 37. Rd4 Nb6 38. c4 Kf7 39. Kf2 a4 40. bxa4 Rxc4 41. Rd6 Nxa4 42. Rd7+ Kg6 0-1

[Event "69th RUS-ch Women Higher League 2019"]
[Site "Yaroslavl"]
[Date "2019.07.03"]
[Round "6.22"]
[White "Schepetkova, Margarita"]
[Black "Faizutdinova, Diana"]
[Result "1/2-1/2"]
[ECO "A53"]
[WhiteElo "2241"]
[BlackElo "2061"]
[Annotator "NA"]
[PlyCount "120"]
[EventDate "2019.06.27"]
[EventType "swiss"]
[EventCountry "RUS"]
[SourceTitle "playchess.com"]
[Source "ChessBase"]
[SourceQuality "1"]
[TimeControl "40/5400+30:1800+30"]

1. d4 Nf6 2. c4 d6 3. g3 c6 4. Bg2 e5 5. dxe5 dxe5 6. Qxd8+ Kxd8 7. Nf3 Bd6 8. Nc3 Be6 9. b3 h6 10. O-O Nbd7 11. Bb2 Ke7 12. Nd2 Rhd8 13. Nde4 Bb4 14. Rac1 Nxe4 15. Nxe4 f5 16. Nc3 a5 17. Rc2 Rac8 18. Na4 b5 19. cxb5 cxb5 20. Nc3 e4 21. Rfc1 Rb8 22. Nd1 g6 23. f3 Bc5+ 24. Kf1 exf3 25. Bxf3 b4 26. Bg7 h5 27. Bh6 Bd4 28. Nb2 Nf6 29. Na4 Rbc8 30. Bf4 Rxc2 31. Rxc2 Nd5 32. Bg5+ Bf6 33. Bxd5 Bxg5 34. Bxe6 Rd1+ 35. Kf2 Kxe6 36. Nc5+ Kd5 37. Nd3 Kd6 38. Rc8 Ra1 39. Rg8 Kd5 40. Rxg6 Bd2 41. Nb2 Rxa2 42. Nc4 a4 43. Nb6+ Kc5 44. Nxa4+ Rxa4 45. bxa4 b3 46. Rg8 b2 47. Rc8+ Kb4 48. Rb8+ Ka3 49. Rxb2 Kxb2 50. Kf3 Kb3 51. a5 Bxa5 52. Kf4 Bd8 53. Kxf5 Kc4 54. h3 Kd4 55. e4 Bc7 56. g4 hxg4 57. hxg4 Be5 58. g5 Bh8 59. g6 Bg7 60. Ke6 Kxe4 1/2-1/2

[Event "69th RUS-ch Women Higher League 2019"]
[Site "Yaroslavl"]
[Date "2019.07.03"]
[Round "6.23"]
[White "Yakushina, Ekaterina"]
[Black "Shaydullina, Sandugach"]
[Result "1-0"]
[ECO "E04"]
[WhiteElo "1783"]
[BlackElo "2128"]
[Annotator "NA"]
[PlyCount "140"]
[EventDate "2019.06.27"]
[EventType "swiss"]
[EventCountry "RUS"]
[SourceTitle "playchess.com"]
[Source "ChessBase"]
[SourceQuality "1"]
[TimeControl "40/5400+30:1800+30"]

1. d4 d5 2. c4 e6 3. Nf3 Nf6 4. g3 dxc4 5. Bg2 Nc6 6. Qa4 Nd7 7. Qxc4 Nb6 8. Qd3 e5 9. Nxe5 Nb4 10. Qb3 Be6 11. Qd1 Qxd4 12. Qxd4 Nc2+ 13. Kd1 Nxd4 14. Bxb7 Rd8 15. Bd2 f6 16. Nc6 Nxc6 17. Bxc6+ Kf7 18. Kc2 Bc5 19. e3 Nc4 20. Bc3 Rd6 21. Be4 Rhd8 22. b4 Bb6 23. a4 a5 24. bxa5 Nxa5 25. Nd2 Rxd2+ 26. Bxd2 Nb3 27. Bc3 Nc5 28. Bc6 Bf5+ 29. Kb2 Nd3+ 30. Kb3 Nxf2 31. Rhe1 Be6+ 32. Kc2 Rd6 33. Bf3 Bc4 34. a5 Bc5 35. Be2 Be6 36. a6 Ba7 37. Bd4 c5 38. Bc3 Bf5+ 39. Kc1 Ne4 40. Bc4+ Kg6 41. Ra3 Rb6 42. Ba5 Rb8 43. Rb3 Rc8 44. Rd1 Bb8 45. Rd8 Bc7 46. Rxc8 Bxa5 47. a7 Nd6 48. a8=Q Bxc8 49. Qxa5 Nxc4 50. Qxc5 Be6 51. Qc6 Bf7 52. Qe4+ f5 53. Qc6+ Kg5 54. Rc3 Ne5 55. Qc7 Kf6 56. Qd6+ Be6 57. Qd4 Bd5 58. Qxd5 Ng4 59. h4 Kg6 60. Rc6+ Nf6 61. h5+ Kg5 62. Rxf6 Kxf6 63. Kd2 Kg5 64. e4 g6 65. hxg6 hxg6 66. exf5 gxf5 67. Qf3 Kg6 68. Ke3 Kg5 69. Qf4+ Kg6 70. Kd4 Kf6 {[%emt 0:00:13] Ke4} 1-0

[Event "69th RUS-ch Women Higher League 2019"]
[Site "Yaroslavl"]
[Date "2019.07.03"]
[Round "6.24"]
[White "Filippova, Darya"]
[Black "Dzutseva, Lana"]
[Result "1-0"]
[ECO "D45"]
[WhiteElo "2174"]
[BlackElo "1325"]
[Annotator "NA"]
[PlyCount "67"]
[EventDate "2019.06.27"]
[EventType "swiss"]
[EventCountry "RUS"]
[SourceTitle "playchess.com"]
[Source "ChessBase"]
[SourceQuality "1"]
[TimeControl "40/5400+30:1800+30"]

1. d4 d5 2. c4 e6 3. Nc3 Nf6 4. Nf3 c6 5. e3 Nbd7 6. Qc2 Bd6 7. g4 Nxg4 8. Rg1 f5 9. h3 Ngf6 10. Rxg7 Bf8 11. Rg1 Ne4 12. c5 Ndf6 13. Ne5 Qc7 14. Nxe4 Nxe4 15. Be2 Bxc5 16. Bd2 Be7 17. Rg7 Nf6 18. O-O-O Bd7 19. Rdg1 Bd6 20. Nxd7 Nxd7 21. Bh5+ Kd8 22. Bf7 Bf8 23. Bxe6 Bxg7 24. Rxg7 Qd6 25. Rxd7+ Qxd7 26. Bxd7 Kxd7 27. Qxf5+ Kc7 28. Ba5+ b6 29. Qf7+ Kd6 30. e4 dxe4 31. Bd2 c5 32. d5 Ke5 33. Bc3+ Kd6 34. Qe6+ 1-0

[Event "69th RUS-ch Women Higher League 2019"]
[Site "Yaroslavl"]
[Date "2019.07.04"]
[Round "7.1"]
[White "Goltseva, Ekaterina"]
[Black "Tomilova, Elena"]
[Result "0-1"]
[ECO "E10"]
[WhiteElo "2304"]
[BlackElo "2289"]
[Annotator "NA"]
[PlyCount "88"]
[EventDate "2019.06.27"]
[EventType "swiss"]
[EventCountry "RUS"]
[SourceTitle "playchess.com"]
[Source "ChessBase"]
[SourceQuality "1"]
[TimeControl "40/5400+30:1800+30"]

1. d4 Nf6 2. c4 e6 3. Nf3 d5 4. cxd5 exd5 5. Nc3 c6 6. Bg5 Bf5 7. Qb3 Qb6 8. Qxb6 axb6 9. Nh4 Ne4 10. Nxf5 Nxg5 11. e3 g6 12. Ng3 Bb4 13. Kd2 f5 14. Bd3 Nd7 15. h4 Ne4+ 16. Bxe4 fxe4 17. f3 exf3 18. gxf3 O-O 19. Rhf1 h5 20. Nge2 Kh7 21. Nf4 b5 22. Kd3 Be7 23. Rg1 Rg8 24. Rh1 Nb6 25. Nce2 Ra7 26. b3 Rga8 27. Rhg1 Rxa2 28. Rxa2 Rxa2 29. Nxg6 Bb4 30. e4 Rb2 31. Ke3 Rxb3+ 32. Kf2 Nc4 33. Nef4 dxe4 34. fxe4 Nd2 35. e5 Nf3 36. Rg2 Nxd4 37. Rg5 Rf3+ 38. Kg2 Be7 39. Rxh5+ Kg7 40. Kh2 b4 41. Nxe7 Rxf4 42. Kg3 Ne2+ 43. Kg2 b3 44. Nf5+ Rxf5 0-1

[Event "69th RUS-ch Women Higher League 2019"]
[Site "Yaroslavl"]
[Date "2019.07.04"]
[Round "7.2"]
[White "Shafigullina, Zarina"]
[Black "Charochkina, Daria"]
[Result "1-0"]
[ECO "D78"]
[WhiteElo "2240"]
[BlackElo "2338"]
[Annotator "NA"]
[PlyCount "171"]
[EventDate "2019.06.27"]
[EventType "swiss"]
[EventCountry "RUS"]
[SourceTitle "playchess.com"]
[Source "ChessBase"]
[SourceQuality "1"]
[TimeControl "40/5400+30:1800+30"]

1. Nf3 Nf6 2. g3 g6 3. Bg2 Bg7 4. O-O O-O 5. d4 d5 6. c4 c6 7. Qb3 a5 8. c5 Nfd7 9. Nc3 b6 10. cxb6 Nxb6 11. Bf4 N8d7 12. e4 Ba6 13. Rfd1 e6 14. Qc2 h6 15. h4 Qe7 16. Qc1 Kh7 17. Nh2 Rac8 18. h5 g5 19. Be3 f5 20. exf5 exf5 21. Nf3 Qf6 22. g4 f4 23. Qc2+ Kh8 24. Bd2 Qe6 25. Bh3 c5 26. Be1 c4 27. Bd2 Rce8 28. Re1 Qc6 29. Ne2 Qa4 30. Qg6 Nf6 31. Ne5 c3 32. Nxc3 Qxd4 33. Nf7+ Rxf7 34. Rxe8+ Nxe8 35. Qxf7 Nd6 36. Qa7 Nbc4 37. Qxa6 Qxd2 38. Qa8+ Kh7 39. Qxd5 Bxc3 40. Qxd2 Bxd2 41. Rd1 Bb4 42. b3 Nb6 43. Bg2 Nd7 44. Bd5 Nf6 45. Be6 Nfe4 46. Kg2 Kg7 47. Rc1 Kf6 48. Bd7 Nc5 49. Bc6 Nd3 50. Rd1 Ne5 51. Bf3 Nxf3 52. Kxf3 Ke6 53. Ke2 Nf7 54. f3 Bc5 55. Kd3 Kd5 56. Ke2+ Kc6 57. Rd2 Nd6 58. Kd3 Kd5 59. Re2 Be3 60. Rc2 Bc5 61. Re2 Be3 62. a3 Nf7 63. Re1 Ne5+ 64. Ke2 Nc6 65. Rd1+ Nd4+ 66. Kf1 Kc5 67. Kg2 Kc6 68. Rd3 Ne6 69. Rc3+ Kb7 70. Rc4 Nd4 71. Rc5 Kb6 72. Rc8 Kb5 73. Rb8+ Ka6 74. Rh8 Nc2 75. Rxh6+ Kb5 76. Rd6 Ne1+ 77. Kf1 Kc5 78. Rd1 Nxf3 79. h6 Ne5 80. h7 Nf7 81. Rd7 Nh8 82. Rg7 f3 83. Rg8 Bd4 84. Rxg5+ Kb6 85. Rg8 Kc7 86. g5 1-0

[Event "69th RUS-ch Women Higher League 2019"]
[Site "Yaroslavl"]
[Date "2019.07.04"]
[Round "7.3"]
[White "Potapova, Margarita"]
[Black "Shuvalova, Polina"]
[Result "0-1"]
[ECO "E17"]
[WhiteElo "2256"]
[BlackElo "2418"]
[Annotator "NA"]
[PlyCount "78"]
[EventDate "2019.06.27"]
[EventType "swiss"]
[EventCountry "RUS"]
[SourceTitle "playchess.com"]
[Source "ChessBase"]
[SourceQuality "1"]
[TimeControl "40/5400+30:1800+30"]

1. d4 Nf6 2. c4 e6 3. Nf3 b6 4. g3 Bb7 5. Bg2 Be7 6. O-O O-O 7. d5 exd5 8. Nd4 c6 9. cxd5 cxd5 10. Nc3 Na6 11. Nf5 Nc7 12. b3 Bc6 13. Bb2 Re8 14. Qd2 Bf8 15. Qg5 Kh8 16. Na4 Rxe2 17. Nh6 Qe7 18. Nf5 Qd8 19. Nh6 Qe7 20. Nf5 Ne6 21. Qc1 Qd8 22. Bf3 Rxb2 23. Qxb2 b5 24. Nc3 d4 25. Bxc6 dxc3 26. Qxc3 Rc8 27. Qe3 Bc5 28. Qe2 dxc6 29. Rfd1 Nd5 30. Ne3 Bxe3 31. fxe3 Qb6 32. Rd3 Re8 33. Kh1 h6 34. Rad1 Nc5 35. Rd4 Nc3 36. Qf3 Nxd1 37. Qxf7 Rd8 38. Rg4 Qb7 39. Qf4 Nd3 0-1

[Event "69th RUS-ch Women Higher League 2019"]
[Site "Yaroslavl"]
[Date "2019.07.04"]
[Round "7.4"]
[White "Solozhenkina, Elizaveta"]
[Black "Kovalevskaya, Ekaterina"]
[Result "1/2-1/2"]
[ECO "B32"]
[WhiteElo "2324"]
[BlackElo "2413"]
[Annotator "NA"]
[PlyCount "82"]
[EventDate "2019.06.27"]
[EventType "swiss"]
[EventCountry "RUS"]
[SourceTitle "playchess.com"]
[Source "ChessBase"]
[SourceQuality "1"]
[TimeControl "40/5400+30:1800+30"]

1. e4 c5 2. Nf3 Nc6 3. d4 cxd4 4. Nxd4 e5 5. Nb5 d6 6. N1c3 a6 7. Na3 b5 8. Nd5 Nge7 9. c4 Nd4 10. cxb5 Nxd5 11. exd5 g6 12. Bd3 Bg7 13. O-O O-O 14. Be3 Nf5 15. Qe2 Nxe3 16. fxe3 axb5 17. Nxb5 Qb6 18. Kh1 e4 19. Bxe4 Ra4 20. Nd4 Ba6 21. Bd3 Bxd3 22. Qxd3 Bxd4 23. exd4 Qxb2 24. Qg3 Rxa2 25. Rxa2 Qxa2 26. Qxd6 Qc4 27. Rd1 Qa4 28. Rb1 Qxd4 29. h3 Kg7 30. Qd7 Qf6 31. Rd1 Rd8 32. Qc7 Rd6 33. Qc4 Qe5 34. Qd3 h5 35. Kg1 Kh7 36. Kh1 Kg8 37. Kg1 Kg7 38. Qf3 Rf6 39. Qd3 Rd6 40. Qf3 Rf6 41. Qd3 Rd6 1/2-1/2

[Event "69th RUS-ch Women Higher League 2019"]
[Site "Yaroslavl"]
[Date "2019.07.04"]
[Round "7.5"]
[White "Protopopova, Anastasiya"]
[Black "Bykova, Anastasia"]
[Result "0-1"]
[ECO "D17"]
[WhiteElo "2272"]
[BlackElo "2229"]
[Annotator "NA"]
[PlyCount "60"]
[EventDate "2019.06.27"]
[EventType "swiss"]
[EventCountry "RUS"]
[SourceTitle "playchess.com"]
[Source "ChessBase"]
[SourceQuality "1"]
[TimeControl "40/5400+30:1800+30"]

1. d4 d5 2. c4 c6 3. Nf3 Nf6 4. Nc3 dxc4 5. a4 Bf5 6. Nh4 Bg6 7. Nxg6 hxg6 8. e3 e6 9. Bxc4 Bb4 10. h3 Qc7 11. O-O Nbd7 12. Na2 Be7 13. b4 g5 14. Be2 Rh4 15. f3 Rxh3 16. f4 Rh7 17. Bd3 g6 18. fxg5 Qh2+ 19. Kf2 Qh4+ 20. Ke2 Qxg5 21. Rg1 e5 22. Bb2 Nd5 23. Qd2 Qg4+ 24. Kf1 e4 25. Bc4 Rh5 26. g3 Qf3+ 27. Ke1 Nxe3 28. Be2 Ng2+ 29. Kd1 Qb3+ 30. Kc1 Bg5 0-1

[Event "69th RUS-ch Women Higher League 2019"]
[Site "Yaroslavl"]
[Date "2019.07.04"]
[Round "7.6"]
[White "Garifullina, Leya"]
[Black "Borisova, Ekaterina"]
[Result "1-0"]
[ECO "B90"]
[WhiteElo "2246"]
[BlackElo "2267"]
[Annotator "NA"]
[PlyCount "85"]
[EventDate "2019.06.27"]
[EventType "swiss"]
[EventCountry "RUS"]
[SourceTitle "playchess.com"]
[Source "ChessBase"]
[SourceQuality "1"]
[TimeControl "40/5400+30:1800+30"]

1. e4 c5 2. Nf3 d6 3. d4 cxd4 4. Nxd4 Nf6 5. Nc3 a6 6. h3 e6 7. g4 b5 8. Bg2 Bb7 9. O-O Nfd7 10. a4 b4 11. Na2 a5 12. c3 Nc5 13. Re1 bxc3 14. Nxc3 Be7 15. Ndb5 Nc6 16. Be3 Nb4 17. Re2 Qb6 18. Rd2 Rd8 19. Rc1 O-O 20. Bf4 Rd7 21. Bxd6 Bxd6 22. Rxd6 Rxd6 23. Qxd6 Qxd6 24. Nxd6 Bc6 25. Nc4 Ra8 26. Bf1 h5 27. f3 hxg4 28. hxg4 Kf8 29. Ne5 Bxa4 30. Nxa4 Nxa4 31. b3 Nb6 32. Rc7 f6 33. Ng6+ Kg8 34. Nf4 Rf8 35. Rb7 Nc8 36. Nxe6 Re8 37. Nxg7 Re7 38. Rb8 Rc7 39. Nf5 Nc6 40. Rb5 Ne5 41. Be2 Rc2 42. Kf1 Na7 43. Rb8+ 1-0

[Event "69th RUS-ch Women Higher League 2019"]
[Site "Yaroslavl"]
[Date "2019.07.04"]
[Round "7.7"]
[White "Maletina, Tatiana"]
[Black "Galliamova, Alisa"]
[Result "0-1"]
[ECO "D00"]
[WhiteElo "2273"]
[BlackElo "2444"]
[Annotator "NA"]
[PlyCount "62"]
[EventDate "2019.06.27"]
[EventType "swiss"]
[EventCountry "RUS"]
[SourceTitle "playchess.com"]
[Source "ChessBase"]
[SourceQuality "1"]
[TimeControl "40/5400+30:1800+30"]

1. d4 d5 2. Bf4 Nf6 3. e3 c5 4. dxc5 e6 5. b4 a5 6. c3 Nc6 7. Bb5 Bd7 8. Qb3 Nh5 9. Bxc6 Bxc6 10. b5 Nxf4 11. bxc6 Nd3+ 12. Kf1 bxc6 13. Nf3 Nxc5 14. Qc2 Be7 15. Nbd2 Bf6 16. g4 O-O 17. h4 Rb8 18. g5 Be7 19. Kg2 Bd6 20. Rab1 Qd7 21. Rxb8 Rxb8 22. e4 e5 23. Kf1 Qg4 24. exd5 cxd5 25. h5 e4 26. Rh4 Qf5 27. c4 Nd3 28. cxd5 exf3 29. Ne4 Rc8 30. Nf6+ gxf6 31. Rc4 Qh3+ 0-1

[Event "69th RUS-ch Women Higher League 2019"]
[Site "Yaroslavl"]
[Date "2019.07.04"]
[Round "7.9"]
[White "Bulatova, Kamaliya"]
[Black "Ambartsumova, Karina"]
[Result "1-0"]
[ECO "D37"]
[WhiteElo "2102"]
[BlackElo "2359"]
[Annotator "NA"]
[PlyCount "61"]
[EventDate "2019.06.27"]
[EventType "swiss"]
[EventCountry "RUS"]
[SourceTitle "playchess.com"]
[Source "ChessBase"]
[SourceQuality "1"]
[TimeControl "40/5400+30:1800+30"]

1. d4 Nf6 2. c4 e6 3. Nc3 d5 4. Nf3 Nbd7 5. g3 Be7 6. Bg2 O-O 7. O-O dxc4 8. e4 a6 9. Qe2 b5 10. e5 Nd5 11. Nxd5 exd5 12. e6 Nb6 13. exf7+ Rxf7 14. Ne5 Rf6 15. a4 bxa4 16. g4 Bd7 17. g5 Rf8 18. g6 Be8 19. Bh3 Qd6 20. gxh7+ Kxh7 21. Ra3 c5 22. dxc5 Qxc5 23. Be6 g5 24. Rh3+ Kg7 25. Qc2 Rh8 26. Rxh8 Kxh8 27. Qf5 Ra7 28. Qh3+ Kg7 29. Ng4 Bf7 30. Qh6+ Kg8 31. Qg6+ 1-0

[Event "69th RUS-ch Women Higher League 2019"]
[Site "Yaroslavl"]
[Date "2019.07.04"]
[Round "7.10"]
[White "Dordzhieva, Dinara"]
[Black "Kabanova, Ekaterina"]
[Result "1/2-1/2"]
[ECO "D26"]
[WhiteElo "2306"]
[BlackElo "2099"]
[Annotator "NA"]
[PlyCount "81"]
[EventDate "2019.06.27"]
[EventType "swiss"]
[EventCountry "RUS"]
[SourceTitle "playchess.com"]
[Source "ChessBase"]
[SourceQuality "1"]
[TimeControl "40/5400+30:1800+30"]

1. d4 d5 2. Nf3 Nf6 3. c4 dxc4 4. e3 e6 5. Bxc4 a6 6. a4 b6 7. O-O Bb7 8. Qe2 Nbd7 9. Nc3 c5 10. Rd1 Qc7 11. h3 Be7 12. dxc5 Nxc5 13. Bd2 O-O 14. Rac1 Qb8 15. Nd4 Nd5 16. Bxd5 exd5 17. b4 Ne6 18. Qg4 Nxd4 19. Qxd4 Qd6 20. Ne2 Bf6 21. Qg4 Bc6 22. a5 Ba4 23. Re1 Bd7 24. Qf3 bxa5 25. bxa5 Rab8 26. Nf4 Bb2 27. Rcd1 Ba4 28. Rb1 Bc2 29. Rxb2 Rxb2 30. Bc3 Rb5 31. Qg4 Bg6 32. h4 h5 33. Qg3 Rc8 34. Bd4 Rc6 35. Ra1 Qc7 36. Qg5 Rc1+ 37. Rxc1 Qxc1+ 38. Kh2 Qc2 39. Nxh5 f6 40. Nxf6+ gxf6 41. Qxf6 1/2-1/2

[Event "69th RUS-ch Women Higher League 2019"]
[Site "Yaroslavl"]
[Date "2019.07.04"]
[Round "7.11"]
[White "Komiagina, Maria"]
[Black "Bodnaruk, Anastasia"]
[Result "0-1"]
[ECO "B06"]
[WhiteElo "2254"]
[BlackElo "2440"]
[Annotator "NA"]
[PlyCount "132"]
[EventDate "2019.06.27"]
[EventType "swiss"]
[EventCountry "RUS"]
[SourceTitle "playchess.com"]
[Source "ChessBase"]
[SourceQuality "1"]
[TimeControl "40/5400+30:1800+30"]

1. e4 d6 2. d4 g6 3. Nc3 Bg7 4. Be3 a6 5. f4 b5 6. Be2 Nd7 7. Bf3 Nb6 8. e5 Rb8 9. Qe2 e6 10. O-O-O d5 11. g4 Nc4 12. h4 Qe7 13. Nb1 f6 14. h5 c5 15. h6 Bf8 16. exf6 Nxf6 17. dxc5 Qc7 18. Nh3 Nxe3 19. Qxe3 Bxc5 20. Qe2 O-O 21. Rhf1 Bd7 22. g5 Ne8 23. Bg4 Rb6 24. Nd2 Bd4 25. Nb3 Bh8 26. Kb1 Qc4 27. Rd3 Nc7 28. Qd2 b4 29. Re1 Nb5 30. Qf2 Rd6 31. Qc5 Rc8 32. Qxc4 dxc4 33. Rxd6 Nxd6 34. Nc1 Kf7 35. Nf2 Nf5 36. Ne4 Ke7 37. Ne2 Bc6 38. N2g3 Bxe4 39. Nxe4 a5 40. c3 Rd8 41. Rd1 Rxd1+ 42. Bxd1 Nd6 43. Bf3 e5 44. Ng3 exf4 45. Ne2 bxc3 46. bxc3 Be5 47. Bd5 Nf5 48. Ng1 Bxc3 49. Bxc4 Nh4 50. Kc2 Bd4 51. Nh3 f3 52. Kd3 Bb6 53. Ke4 f2 54. Kf4 Ng2+ 55. Ke4 Ne3 56. Nxf2 Nxc4 57. Ng4 Kf7 58. Nf6 Bd8 59. Nxh7 Be7 60. Kd5 Nd2 61. Ke5 Nf3+ 62. Kf4 Nd4 63. Kg4 Ne6 64. Kh4 Kg8 65. Nf6+ Bxf6 66. gxf6 Kh7 0-1

[Event "69th RUS-ch Women Higher League 2019"]
[Site "Yaroslavl"]
[Date "2019.07.04"]
[Round "7.12"]
[White "Tokmakova, Ulyana"]
[Black "Bivol, Alina"]
[Result "0-1"]
[ECO "A29"]
[WhiteElo "1878"]
[BlackElo "2391"]
[Annotator "NA"]
[PlyCount "128"]
[EventDate "2019.06.27"]
[EventType "swiss"]
[EventCountry "RUS"]
[SourceTitle "playchess.com"]
[Source "ChessBase"]
[SourceQuality "1"]
[TimeControl "40/5400+30:1800+30"]

1. c4 e5 2. Nc3 Nf6 3. Nf3 Nc6 4. g3 d5 5. cxd5 Nxd5 6. Bg2 Nb6 7. O-O Be7 8. d3 O-O 9. a3 Be6 10. b4 Nd4 11. Nd2 Nd5 12. Bb2 Nxc3 13. Bxc3 Bd5 14. Nc4 Bxg2 15. Kxg2 Bf6 16. Kg1 Re8 17. Nd2 g6 18. Rc1 Bg7 19. Nb3 c6 20. Bb2 h5 21. e3 Nf5 22. e4 Nd6 23. f4 h4 24. Qf3 hxg3 25. hxg3 exf4 26. Bxg7 Kxg7 27. gxf4 Rh8 28. Qg3 Qh4 29. Kg2 Rad8 30. Qxh4 Rxh4 31. a4 Rdh8 32. Nc5 Rh2+ 33. Kg1 Rb2 34. Rb1 Rbh2 35. Rbc1 Ne8 36. e5 Nc7 37. Nxb7 Nd5 38. Rce1 Nc3 39. Na5 Ne2+ 40. Rxe2 Rxe2 41. Nxc6 Rhh2 42. Rc1 Rhg2+ 43. Kh1 Rh2+ 44. Kg1 Reg2+ 45. Kf1 Ra2 46. Kg1 Rhg2+ 47. Kh1 Rg4 48. Nxa7 Rxa4 49. Nc6 Ra3 50. Rd1 Rb3 51. Kh2 Kh6 52. d4 Kh5 53. Rd2 Kh4 54. Rg2 Rxf4 55. d5 Rc4 56. Rf2 Rd3 57. Ne7 Rh3+ 58. Kg2 Rxb4 59. Rxf7 Rg3+ 60. Kh2 Rb2+ 61. Kh1 Rh3+ 62. Kg1 Kg3 63. Nxg6 Rg2+ 64. Kf1 Rh1# 0-1

[Event "69th RUS-ch Women Higher League 2019"]
[Site "Yaroslavl"]
[Date "2019.07.04"]
[Round "7.13"]
[White "Gritsayeva, Oksana"]
[Black "Chernyak, Viktoria"]
[Result "1-0"]
[ECO "B10"]
[WhiteElo "2381"]
[BlackElo "2253"]
[Annotator "NA"]
[PlyCount "83"]
[EventDate "2019.06.27"]
[EventType "swiss"]
[EventCountry "RUS"]
[SourceTitle "playchess.com"]
[Source "ChessBase"]
[SourceQuality "1"]
[TimeControl "40/5400+30:1800+30"]

1. e4 c6 2. Nc3 d5 3. Qf3 e6 4. d4 Qb6 5. Bd3 Qxd4 6. Nge2 Qb6 7. O-O Nf6 8. Qg3 Na6 9. Be3 Qc7 10. Bf4 Qb6 11. exd5 cxd5 12. Be3 Qd6 13. Bf4 Qb6 14. Be5 Bd7 15. a3 h5 16. Rfe1 O-O-O 17. h3 h4 18. Qf3 Rh6 19. b4 Nc7 20. Bd4 Qc6 21. b5 Qd6 22. Qe3 b6 23. a4 Rh5 24. f4 Kb7 25. a5 Be8 26. Nc1 Nd7 27. Nb3 f6 28. Be2 e5 29. Bxh5 exd4 30. Nxd4 Bxh5 31. axb6 axb6 32. Nc6 Re8 33. Qd2 Qc5+ 34. Kh1 Bd6 35. Rxe8 Bxe8 36. Qe1 Bg6 37. Ra7+ Kc8 38. Qa1 Bxf4 39. Na4 Qe3 40. Nc3 Qc5 41. Nxd5 Bd6 42. Rxc7+ 1-0